 Dungeon Crawl Stone Soup version 0.24-a0-504-gcfb02b9d07 (webtiles) character file.

Game seed: 1658987138395190171

791 Mithandil the Conjurer (level 7, -6/36 HPs)
             Began as a Deep Elf Conjurer on July 16, 2019.
             Shot with an arrow by a centaur (10 damage)
             ... on level 5 of the Dungeon.
             The game lasted 00:41:06 (6672 turns).

Mithandil the Conjurer (Deep Elf Conjurer)          Turns: 6672, Time: 00:41:07

Health: -6/36      AC:  6    Str:  7    XL:     7   Next: 57%
Magic:  12/18      EV: 13    Int: 20    God:
Gold:   217        SH:  4    Dex: 15    Spells: 4/18 levels left

rFire    . . .     SeeInvis .   a - +2 short sword (venom)
rCold    + . .     Gourm    .   t - +0 buckler
rNeg     + . .     Faith    .   f - +0 leather armour
rPois    .         Spirit   .   I - +2 hat
rElec    .         Reflect  .   G - +0 cloak
rCorr    .         Harm     .   (no gloves)
MR       .....                  (no boots)
Stlth    +++.......             (no amulet)
HPRegen  0.12/turn              o - ring of protection from cold
MPRegen  0.16/turn              u - ring of positive energy

@: about to teleport, very slightly contaminated
A: no striking features
a: no special abilities


You were on level 5 of the Dungeon.
You were hungry.

You visited 1 branch of the dungeon, and saw 6 of its levels.
You also visited: Ossuary.

You collected 217 gold pieces.

Inventory:

Hand Weapons
 a - a +2 short sword of venom (weapon)
 b - a +0 quarterstaff
 v - a +2 mace of holy wrath
Missiles
 l - 13 arrows
 n - 294 stones
 p - 12 poisoned darts (quivered)
 s - 9 curare-tipped darts
Armour
 f - a +0 leather armour (worn)
 t - a +0 buckler (worn)
 C - a +0 shield
 G - a +0 cloak (worn)
 I - a +2 hat (worn)
Magical Staves
 H - an uncursed staff of cold
Jewellery
 o - a ring of protection from cold (left hand)
 u - a ring of positive energy (right hand)
Wands
 A - a wand of flame (39)
Scrolls
 h - 2 scrolls of identify
 k - 3 scrolls of teleportation
 z - a scroll of fear
 B - 4 scrolls of amnesia
Potions
 d - 2 potions of invisibility
 e - 3 potions of might
 i - 2 potions of haste
 j - a potion of degeneration {unknown}
 m - a potion of cancellation {unknown}
 q - a potion of heal wounds {unknown}
 r - 2 potions of magic {unknown}
 w - a potion of resistance {unknown}
 x - a potion of flight {unknown}
 D - a potion of lignification {unknown}
 E - a potion of agility {unknown}
 F - a potion of curing {unknown}
Comestibles
 c - 5 rations


   Skills:
 + Level 4.3 Dodging
 + Level 4.5 Stealth
 + Level 1.4 Shields
 * Level 6.4 Spellcasting
 * Level 6.4 Conjurations
 + Level 2.5 Hexes
 + Level 2.3 Translocations


You had 4 spell levels left.
You knew the following spells:

 Your Spells              Type           Power        Failure   Level  Hunger
a - Magic Dart            Conj           ####         1%          1    None
b - Searing Ray           Conj           ####..       2%          2    None
c - Force Lance           Conj/Tloc      ###.....     32%         4    ####...
d - Iskenderun's Mystic   Conj           ####....     14%         4    ####...
s - Dazzling Spray        Conj/Hex       ###...       10%         3    ##.....

Your spell library contained the following spells:

 Spells                   Type           Power        Failure   Level  Hunger
 Fulminant Prism          Conj/Hex       ###.......   32%         4    ####...


Dungeon Overview and Level Annotations

Branches:
Dungeon (6/15)
 Temple: D:4-7

Altars:
Cheibriados
Makhleb
Nemelex Xobeh
Trog
Uskayaw

Annotations:
D:4 1 runed translucent door, Crazy Yiuf, Sigmund


Message History

The centaur shoots an arrow.
The arrow hits you.
* * * LOW HITPOINT WARNING * * *
As you read the scroll of fog, it crumbles to dust.
The scroll dissolves into smoke.
Casting: Magic Dart (safe; 1% risk of failure)
Confirm with . or Enter, or press ? or * to list all spells.
Aiming: Magic Dart (safe; 1% risk of failure)
Press: ? - help, Shift-Dir - straight line, f/p - centaur
Aim: a centaur, wielding a +0 shortbow (blue smoke, heavily wounded)
The magic dart hits the centaur.
The centaur is heavily wounded.
The centaur shoots an arrow.
The arrow hits you.
* * * LOW HITPOINT WARNING * * *
Blink to where?
Press: ? - help, Dir - move target cursor, p - centaur You are very lightly contaminated with residual magic.
As you read the scroll of blinking, it crumbles to dust.
As you read the scroll of teleportation, it crumbles to dust.
You feel strangely unstable.
The centaur shoots an arrow.
The arrow hits you!
You die...

##...###.####+###..##
##.## #.###...###...
####.# #........#####
#....## ###.......##
#(###c#§.§####.........###
..(c.§§§§§...'.........+..
.###§§c§#§###.........###
####§§§# ##.......## ##@##
##.....## #.# ##...## #.#
##'## #.# #.# #.# #.#
###.### ##.#### #.....#
##.....####
#.###.####.<........ #.#
#.........#.###.


You could see a centaur.

Vanquished Creatures
  A phantom (D:5)
  An ogre (D:4)
  2 elf zombies (Ossuary)
  A scorpion (D:4)
  An orc wizard (D:3)
  2 human zombies (Ossuary)
  3 mummies (Ossuary)
  8 adders
  9 gnolls
  2 oozes (D:3)
  4 adder zombies (Ossuary)
  6 worms
  2 dart slugs
  3 leopard geckos
  2 orcs (D:3)
  7 bats
  3 giant cockroaches
  3 gnoll zombies (Ossuary)
  11 goblins
  7 hobgoblins
  7 jackals
  A quokka (D:4)
  2 ball pythons
  6 frilled lizards
  4 goblin zombies (Ossuary)
  2 hobgoblin zombies (Ossuary)
  2 jackal zombies (Ossuary)
  16 kobolds
  4 kobold zombies (Ossuary)
  3 orc zombies (Ossuary)
  A quokka zombie (Ossuary)
  4 rats
  5 rat zombies (Ossuary)
135 creatures vanquished.

Notes
Turn   | Place    | Note
-------+----------+-------------------------------------------
     0 | D:1      | Mithandil the Deep Elf Conjurer began the quest for the
                  | Orb.
     0 | D:1      | Reached XP level 1. HP: 10/10 MP: 6/6
   357 | D:1      | Reached XP level 2. HP: 10/15 MP: 2/8
   690 | D:2      | Reached XP level 3. HP: 13/19 MP: 1/10
   874 | D:2      | Reached skill level 5 in Conjurations
   876 | D:2      | Reached XP level 4. HP: 9/24 MP: 2/12
  1105 | D:2      | Learned a level 2 spell: Searing Ray
  1110 | D:2      | Learned a level 4 spell: Force Lance
  1115 | D:2      | Learned a level 4 spell: Iskenderun's Mystic Blast
  2080 | D:2      | Found a sparkling altar of Nemelex Xobeh.
  2390 | D:3      | Reached XP level 5. HP: 28/28 MP: 8/14
  2430 | D:3      | Reached skill level 5 in Spellcasting
  2758 | D:3      | Found a faded altar of an unknown god.
  3146 | D:3      | Learned a level 3 spell: Dazzling Spray
  3326 | D:3      | Reached skill level 1 in Translocations
  3596 | D:3      | Found a snail-covered altar of Cheibriados.
  3684 | D:3      | Reached skill level 1 in Hexes
  3684 | D:3      | Reached XP level 6. HP: 32/32 MP: 8/16
  4367 | D:5      | Entered Level 5 of the Dungeon
  4371 | D:5      | Found a bloodstained altar of Trog.
  4469 | D:5      | Found a sand-covered staircase.
  4474 | Ossuary  | Entered an ossuary
  4685 | Ossuary  | Reached skill level 1 in Shields
  5221 | Ossuary  | Reached XP level 7. HP: 15/36 MP: 4/17
  5882 | D:4      | Noticed Sigmund
  6162 | D:4      | Found a runed translucent door.
  6181 | D:4      | Noticed Crazy Yiuf
  6249 | D:4      | Found a burning altar of Makhleb.
  6351 | D:5      | Noticed a +0 dagger
  6352 | D:5      | Noticed a +0 dagger
  6353 | D:5      | Found a hide-covered altar of Uskayaw.
  6672 | D:5      | Shot with an arrow by a centaur

Levels and vault maps discovered:
D:1:      nicolae_arrival_somewhat_less_tricky_arrival, layout_basic,
          hangedman_abyss_or_decor_lesser_grid
D:2:      layout_basic, lemuel_crystal_altar, first_ration
D:3:      layout_basic, kennysheep_slug_shrine, chequers_ecumenical_altar_simple
D:4:      layout_cave_pools, old_standard_altar, uniq_sigmund,
          uniq_crazy_yiuf_cottage
D:5:      layout_loops_corners, dancing_weapons_uskayaw, bloody_trog,
          nicolae_ossuary_entry_false_entrances, minmay_misc_feat_enclosed,
          minivault_1
D:6:      layout_cave_pools, overflow_temple_1_default, fedhas_altar_1,
          grunt_gozag_statues, minitemple, nicolae_tso_swordbearing_angel

Skill      XL: |  1  2  3  4  5  6  7 |
---------------+----------------------+-----
Stealth        | 3 4 |  4.5
Spellcasting   | 4 5 6 |  6.4
Dodging        | 3 4 |  4.3
Conjurations   | 5 6 |  6.4
Translocations | 1 2 |  2.3
Hexes          | 1 2 |  2.5
Shields        | 1 |  1.4

Action                   |  1- 3 |  4- 6 |  7- 9 || total
-------------------------+-------+-------+-------++-------
Melee: Short sword       |    12 |    19 |    11 ||    42
Throw: Stone             |    12 |       |       ||    12
       Dart              |       |     1 |     6 ||     7
 Cast: Magic Dart        |    53 |   256 |    86 ||   395
  Use: Scroll            |       |     8 |     9 ||    17
 Stab: Sleeping          |       |     1 |     1 ||     2
  Eat: Chunk             |       |    11 |     2 ||    13
       Ration            |       |     1 |       ||     1
Armor: Robe              |     5 |       |       ||     5
       Leather armour    |     5 |     6 |     1 ||    12
Dodge: Dodged            |    21 |    36 |    29 ||    86
Block: Buckler           |       |       |     5 ||     5

Table legend:
 A = Non-vault XP
 B = Vault XP
 C = Vault XP percentage of total XP
 D = Non-vault monster count
 E = Vault monster count
 F = Vault count percentage of total count
                 A         B        C        D         E       F
            +---------+---------+-------+---------+---------+-------
      Total |     758 |     373 |  33.0 |      99 |      36 |  26.7
            +---------+---------+-------+---------+---------+-------
        D:1 |      37 |       0 |   0.0 |      21 |       0 |   0.0
        D:2 |     136 |       0 |   0.0 |      30 |       0 |   0.0
        D:3 |     214 |       4 |   1.8 |      37 |       1 |   2.6
        D:4 |     232 |       0 |   0.0 |       9 |       0 |   0.0
        D:5 |     139 |       0 |   0.0 |       2 |       0 |   0.0
    Ossuary |       0 |     369 | 100.0 |       0 |      35 | 100.0
            +---------+---------+-------+---------+---------+-------
